 Dungeon Crawl Stone Soup version 0.21.1-1-g345015f (webtiles) character file.

146 inc the Charmwright (level 5, -1/34 HPs)
             Began as an Octopode Skald on June 12, 2018.
             Killed by nerve-wracking pain
             ... invoked by an orc priest
              (12 damage)
             ... on level 3 of the Dungeon.
             The game lasted 00:03:06 (2525 turns).

inc the Charmwright (Octopode Skald)                Turns: 2525, Time: 00:03:06

Health: -1/34      AC:  1    Str: 11    XL:     5   Next: 28%
Magic:  0/8        EV: 13    Int: 16    God:
Gold:   117        SH:  0    Dex: 11    Spells: 7/8 levels left

rFire    . . .     SeeInvis .   a - +0 mace
rCold    . . .     Gourm    .   (no shield)
rNeg     . . .     Faith    .   (helmet restricted)
rPois    .         Spirit   +   h - amulet of guardian spirit
rElec    .         Reflect  .   (no ring)
rCorr    .         Harm     .   (no ring)
MR       .....                  (no ring)
Stlth    +++.......             (no ring)
HPRegen  0.11/turn              (no ring)
MPRegen  0.11/turn              (no ring)
                                (no ring)
                                (no ring)

@: no status effects
A: almost no armour, stealthy swim, amphibious, 8 rings, constrict 8, camouflage
1, gelatinous body 1
a: no special abilities


You were on level 3 of the Dungeon.
You were hungry.

You visited 1 branch of the dungeon, and saw 3 of its levels.

You collected 117 gold pieces.

Inventory:

Hand Weapons
 a - a +0 mace (weapon)
Jewellery
 h - an amulet of guardian spirit (around mantle)
Scrolls
 c - a scroll of random uselessness {unknown}
 d - 5 scrolls of teleportation {unknown}
 e - 2 scrolls of enchant weapon {unknown}
 f - 6 scrolls of identify {unknown}
 i - a scroll of remove curse {unknown}
 k - a scroll of amnesia {unknown}
Potions
 g - a potion of mutation {unknown}
 j - a potion of agility {unknown}
 m - a potion of ambrosia {unknown}
Books
 b - a book of Battle

   Spells                             Type                      Level
   a - Infusion                       Charms                       1
   b - Shroud of Golubria             Charms/Translocation         2
   c - Song of Slaying                Charms                       2
   d - Spectral Weapon                Hexes/Charms                 3
   e - Regeneration                   Charms/Necromancy            3
Comestibles
 n - a ration


   Skills:
 - Level 2.3 Fighting
 + Level 3.5 Maces & Flails
 - Level 2.7 Dodging
 - Level 2.3 Stealth
 - Level 2.3 Spellcasting
 - Level 3.8 Charms


You had 7 spell levels left.
You knew the following spells:

 Your Spells              Type           Power        Failure   Level  Hunger
a - Infusion              Chrm           ##..         4%          1    #......


Dungeon Overview and Level Annotations

Branches:
Dungeon (3/15)

Altars:
Ashenzari
Hepliaklqana
Ru
Vehumet


Innate Abilities, Weirdness & Mutations

You cannot wear most types of armour.
You are very stealthy in the water. (Stealth+)
You are amphibious.
You can wear up to eight rings at the same time.
You can use your tentacles to constrict eight enemies at once.
Your skin changes colour to match your surroundings (Stealth+).
Your rubbery body absorbs attacks. (AC +1, EV +1)


Message History

You constrict the orc priest, but do no damage.
The orc priest misses you.
You completely miss the orc priest. You constrict the orc priest.
The orc priest mumbles some strange prayers to Beogh against you.
Pain shoots through your body!
You hit the orc priest but do no damage.
The orc priest is lightly wounded.
You constrict the orc priest, but do no damage.
The orc priest misses you.
The orc priest hits you with a short sword.
You hit the orc priest but do no damage.
The orc priest is lightly wounded.
You constrict the orc priest, but do no damage.
The orc priest hits you but does no damage.
You hit the orc priest but do no damage.
The orc priest is lightly wounded.
You constrict the orc priest, but do no damage.
The orc priest calls down the wrath of Beogh upon you.
Pain shoots through your body!
You die...

#.#......)........#########.
##.#######...#..............
### #.........#########.##
#.........# #.# #.........#
#.# ####...##.# #..
#...##.#### ... #..........
#..# ##@###.###. ..## #o#
#.# .#.# ...._..o# #.#
......... .......(.#
....8....# ..........
.._..._... .........##


You could see 2 orc priests.

Vanquished Creatures
  An orc wizard (D:3)
  4 gnolls (D:2)
  2 adders (D:2)
  An ooze (D:1)
  2 worms (D:2)
  2 leopard geckos
  3 orcs (D:3)
  A ball python (D:1)
  3 giant cockroaches
  2 goblins
  7 hobgoblins
  7 bats
  2 frilled lizards (D:2)
  6 kobolds
  7 rats
50 creatures vanquished.

Notes
Turn   | Place    | Note
-------+----------+-------------------------------------------
     0 | D:1      | inc the Octopode Skald began the quest for the Orb.
     0 | D:1      | Reached XP level 1. HP: 14/14 MP: 3/3
   223 | D:1      | Reached XP level 2. HP: 17/19 MP: 0/5
   472 | D:1      | You fall through a shaft!
   492 | D:2      | Reached XP level 3. HP: 22/24 MP: 6/6
   617 | D:2      | Reached skill level 1 in Stealth
   700 | D:2      | Reached XP level 4. HP: 13/29 MP: 1/7
  1762 | D:2      | Found a sacrificial altar of Ru.
  2507 | D:3      | Found a radiant altar of Vehumet.
  2507 | D:3      | Found a shattered altar of Ashenzari.
  2508 | D:3      | Found a hazy altar of Hepliaklqana.
  2512 | D:3      | HP: 1/29 [orc/club (4)]
  2517 | D:3      | Reached XP level 5. HP: 19/34 MP: 0/8
  2525 | D:3      | Killed from afar by an orc priest

Skill      XL: |  1  2  3  4 |
---------------+-------------+-----
Stealth        | 1 2 |  2.3
Maces & Flails | 3 |  3.5
Fighting       | |  2.3
Dodging        | |  2.7
Spellcasting   | |  2.3
Charms         | |  3.8

Action                   |  1- 3 |  4- 6 || total
-------------------------+-------+-------++-------
Melee: Mace              |    48 |    68 ||   116
       Tentacles         |    11 |     5 ||    16
       Constrict         |     8 |    16 ||    24
 Cast: Infusion          |     4 |       ||     4
  Use: Potion            |       |     2 ||     2
 Stab: Sleeping          |     4 |    14 ||    18
  Eat: Ration            |       |     1 ||     1
       Chunk             |       |     1 ||     1
Armor: Skin              |     2 |     4 ||     6
Dodge: Dodged            |    32 |    32 ||    64
